[Event "Tuesday 23 January Rapid Engine Tour 12+1 Rounds 9 Starts 1600 ST"]
[Site "Infinity Chess"]
[Date "2018.1.23"]
[Round "1"]
[White "NINJA_JENGKA"]
[Black "ivrdurant"]
[Result "1/2-1/2"]
[ECO "C55"]
[WhiteElo "2456"]
[BlackElo "2386"]
[WhiteEngine "Houdini 6"]
[BlackEngine "Raubfisch X37b3._CTG"]
[EventType "Swiss"]
[WhiteTeam ""]
[BlackTeam ""]
[PlyCount "93"]
[TimeControl "720+1"]

1. e4 e5 2. Nf3 Nc6 3. Bc4 Nf6 4. d3 Bc5 5. c3 a6 6. O-O d6 7. a4 Ba7 8. b4 O-O 
9. h3 Ne7 10. Nbd2 Ng6 11. d4 Re8 12. Re1 c6 13. Bd3 Be6 14. a5 Nh5 15. Nf1 Nhf4 
16. Ng3 exd4 17. Bxf4 Nxf4 18. cxd4 Qf6 19. Bf1 d5 20. Ra3 Rad8 21. e5 Qh6 
22. Rae3 f6 23. Bd3 fxe5 24. Nxe5 Rf8 25. Ne2 Nxe2+ 26. Bxe2 Qf4 27. Nd3 Qf6 
28. Bg4 Bxg4 29. Qxg4 Qxd4 30. Qe6+ Kh8 31. Qe7 Rb8 32. Ne5 Qd2 33. Nf7+ Kg8 
34. Nh6+ Kh8 35. Nf7+ Rxf7 36. Qxf7 Bxe3 37. Rxe3 h6 38. Re7 Rg8 39. Rxb7 d4 
40. Qe7 Qc1+ 41. Kh2 Qf4+ 42. Kg1 d3 43. Rd7 Qc1+ 44. Kh2 Qf4+ 45. Kg1 Qc1+ 
46. Kh2 Qf4+ 47. Kg1 1/2-1/2

[Event "Tuesday 23 January Rapid Engine Tour 12+1 Rounds 9 Starts 1600 ST"]
[Site "Infinity Chess"]
[Date "2018.1.23"]
[Round "1"]
[White "BraveDevil"]
[Black "KhalidOmar"]
[Result "1/2-1/2"]
[ECO "C58"]
[WhiteElo "2393"]
[BlackElo "2459"]
[WhiteEngine "Cryptic AIL V2"]
[BlackEngine "Eman 1.67 64-bit BMI2"]
[EventType "Swiss"]
[WhiteTeam ""]
[BlackTeam ""]
[PlyCount "110"]
[TimeControl "720+1"]

1. e4 e5 2. Nf3 Nc6 3. Bc4 Nf6 4. Ng5 d5 5. exd5 Na5 6. Bb5+ c6 7. dxc6 bxc6 
8. Bd3 Nd5 9. Nf3 Bd6 10. O-O Nf4 11. Nc3 Nxd3 12. cxd3 O-O 13. b3 Re8 
14. Re1 c5 15. Ne4 Bf8 16. Ba3 Nc6 17. Rc1 Nb4 18. Bxb4 cxb4 19. Nc5 Qd5 
20. d4 Bg4 21. h3 Bxf3 22. Qxf3 Qxf3 23. gxf3 exd4 24. Rxe8 Rxe8 25. Nd3 g6 
26. Rc2 Re6 27. Kg2 Ra6 28. f4 f5 29. Ne5 Bd6 30. d3 Bxe5 31. fxe5 Ra5 
32. Rc7 Rxa2 33. Kf3 h6 34. h4 a5 35. e6 Kf8 36. Rf7+ Ke8 37. Rg7 a4 38. Kf4 Re2 
39. bxa4 Rxe6 40. Rb7 Re2 41. Rxb4 Rxf2+ 42. Ke5 Re2+ 43. Kf6 f4 44. Kxg6 f3 
45. Rxd4 Re6+ 46. Kg7 Re7+ 47. Kg8 Rd7 48. Re4+ Kd8 49. Rf4 Rxd3 50. Kg7 Ra3 
51. Kxh6 f2 52. Rxf2 Rxa4 53. h5 Ke7 54. Kg7 Rg4+ 55. Kh7 Rg1 1/2-1/2

[Event "Tuesday 23 January Rapid Engine Tour 12+1 Rounds 9 Starts 1600 ST"]
[Site "Infinity Chess"]
[Date "2018.1.23"]
[Round "1"]
[White "SkyPilot"]
[Black "hafaba"]
[Result "1/2-1/2"]
[ECO "B00"]
[WhiteElo "2463"]
[BlackElo "2417"]
[WhiteEngine "stockfish_x64_bmi2_2018_01_13_CTG"]
[BlackEngine "Stockfish SL FA POPCNT_CTG"]
[EventType "Swiss"]
[WhiteTeam ""]
[BlackTeam ""]
[PlyCount "133"]
[TimeControl "720+1"]

1. e4 Nc6 2. Nf3 e5 3. Bc4 Nf6 4. d3 Bc5 5. O-O d6 6. c3 a5 7. Re1 h6 8. h3 O-O 
9. Nbd2 Be6 10. Bb5 Qb8 11. Nf1 Qa7 12. Re2 a4 13. Ng3 Bb6 14. d4 exd4 
15. Bxc6 bxc6 16. Nxd4 Rfe8 17. Bf4 Qa6 18. Qd2 Kh7 19. Kh2 Nd7 20. Ndf5 Bxf5 
21. Nxf5 Re6 22. Qc2 Qc4 23. Bg3 Nf6 24. e5 g6 25. Nd4 Rxe5 26. Bxe5 dxe5 
27. Nf3 e4 28. Ne5 Qe6 29. f4 a3 30. b4 c5 31. g3 Kg7 32. bxc5 Bxc5 33. Qb3 Qxb3 
34. axb3 Bf8 35. b4 Nd5 36. Rc2 e3 37. Kg2 e2 38. Kf3 Re8 39. Rxe2 Nxc3 
40. Re3 Bxb4 41. Nc4 Rxe3+ 42. Kxe3 Nb5 43. g4 Kf6 44. Kd3 Bc5 45. Rf1 Ke6 
46. Re1+ Kd5 47. Re5+ Kc6 48. Re1 Bd4 49. Re2 Kd5 50. Ra2 Bc5 51. Re2 Kc6 
52. Ne5+ Kd5 53. Nxf7 Bd4 54. Ra2 c5 55. Nxh6 Bb2 56. Kc2 Ke4 57. Nf7 c4 
58. Rxb2 axb2 59. Kxb2 Kxf4 60. Kc2 g5 61. Kb2 Nd4 62. Kc3 Nf3 63. Kxc4 Ng1 
64. Nd8 Nxh3 65. Ne6+ Kxg4 66. Kd4 Nf2 67. Nxg5 1/2-1/2

[Event "Tuesday 23 January Rapid Engine Tour 12+1 Rounds 9 Starts 1600 ST"]
[Site "Infinity Chess"]
[Date "2018.1.23"]
[Round "1"]
[White "Thinker"]
[Black "Gilgamesch"]
[Result "0-1"]
[ECO "C50"]
[WhiteElo "2420"]
[BlackElo "2467"]
[WhiteEngine "BrainFish_180113_x64_modern_CTG"]
[BlackEngine "BrainFish_171005_x64_bmi2"]
[EventType "Swiss"]
[WhiteTeam ""]
[BlackTeam ""]
[PlyCount "174"]
[TimeControl "720+1"]

1. e4 e5 2. Nf3 Nc6 3. Bc4 Bc5 4. O-O Nf6 5. d3 d6 6. c3 a5 7. h3 h6 8. a4 Ba7 
9. Na3 O-O 10. Re1 Be6 11. Bxe6 fxe6 12. Nb5 Bb6 13. Be3 Bxe3 14. Rxe3 Qe7 
15. Nd2 Rf7 16. Qe2 Raf8 17. Re1 g5 18. Nc4 Rg7 19. Rf3 h5 20. Rg3 Qf7 
21. Re3 g4 22. h4 Ne7 23. g3 Ng6 24. d4 Qe7 25. dxe5 dxe5 26. Rd1 Nh7 
27. Kh1 Qf6 28. f3 gxf3 29. Qf2 Nxh4 30. gxh4 Rg4 31. Rg1 Kh8 32. Rxg4 hxg4 
33. Nd2 Qf4 34. Nf1 Nf6 35. Nxc7 Nxe4 36. Rxe4 Qxe4 37. Nxe6 Qe2 38. Kg1 Rf6 
39. Ng5 Kg7 40. Ng3 Qxf2+ 41. Kxf2 Rb6 42. b4 axb4 43. cxb4 Rxb4 44. a5 Ra4 
45. Nf5+ Kg6 46. Ne3 Kh5 47. Kg3 Ra3 48. Nc4 Ra2 49. Nxf3 gxf3 50. Kxf3 Ra4 
51. Nxe5 Rxa5 52. Nd3 Kxh4 53. Ke3 Ra4 54. Nc5 Rb4 55. Kd3 Kg5 56. Kc3 Rb1 
57. Kc4 Kf5 58. Kd4 Kf6 59. Ke4 Ke7 60. Kf4 Rb4+ 61. Ke5 Rb5 62. Kd4 Kd6 
63. Ne4+ Kc6 64. Ng3 Rd5+ 65. Kc4 Rg5 66. Ne2 Rg4+ 67. Kd3 Kc5 68. Ke3 Rh4 
69. Nc1 Kc4 70. Ne2 Rh3+ 71. Ke4 b5 72. Ng1 Rg3 73. Ne2 Rg2 74. Nf4 Rg4 
75. Kf5 Rxf4+ 76. Kxf4 b4 77. Ke3 Kc3 78. Kf4 Kd4 79. Kg5 b3 80. Kf4 b2 
81. Kg5 b1=Q 82. Kf6 Qe4 83. Kf7 Qf5+ 84. Kg7 Ke5 85. Kh8 Kf6 86. Kg8 Qg6+ 
87. Kh8 Qg7# 0-1

[Event "Tuesday 23 January Rapid Engine Tour 12+1 Rounds 9 Starts 1600 ST"]
[Site "Infinity Chess"]
[Date "2018.1.23"]
[Round "1"]
[White "Eman"]
[Black "Dovahkiin"]
[Result "1/2-1/2 "]
[ECO "C00"]
[WhiteElo "2473"]
[BlackElo "2424"]
[WhiteEngine "Eman 1.67 64-bit POPCNT"]
[BlackEngine "BrainFish_180113_x64_modern_CTG"]
[EventType "Swiss"]
[WhiteTeam ""]
[BlackTeam ""]
[PlyCount "208"]
[TimeControl "720+1"]

1. e4 e6 2. Nf3 d5 3. exd5 exd5 4. d4 Nf6 5. Bd3 Bd6 6. Qe2+ Be6 7. Ng5 Qe7 
8. Nxe6 fxe6 9. c3 c5 10. dxc5 Bxc5 11. Bg5 Nc6 12. Nd2 Bb6 13. O-O-O O-O-O 
14. f4 h6 15. Bh4 Bc7 16. Rhf1 e5 17. fxe5 Qxe5 18. Bxf6 gxf6 19. Nf3 Qxe2 
20. Bxe2 a6 21. g3 Rhe8 22. Bd3 Kb8 23. Kc2 d4 24. Nxd4 Nxd4+ 25. cxd4 Rxd4 
26. Rxf6 Ba5 27. Rf5 b5 28. Rf6 Kb7 29. a3 Rc8+ 30. Kb1 Rcd8 31. b4 Bb6 
32. Kc2 Rc8+ 33. Kd2 Rcd8 34. Rf3 R4d6 35. Re1 Bd4 36. Re7+ Kb8 37. h4 Bf6 
38. Rf7 Bb2 39. Kc2 Be5 40. g4 Rc6+ 41. Kb1 Rc3 42. Bc2 Rdc8 43. Be4 Rc1+ 
44. Ka2 Re1 45. Rb7+ Ka8 46. Rc7+ Kb8 47. Rxc8+ Kxc8 48. Bd3 Rh1 49. h5 Rh2+ 
50. Kb1 Rb2+ 51. Kc1 Rg2 52. Kb1 Kc7 53. Rf7+ Kb8 54. Re7 Rg1+ 55. Kc2 Rg2+ 
56. Kb1 Rg1+ 57. Kc2 Rg2+ 58. Kd1 Bf4 59. Rb7+ Kxb7 60. Be4+ Kb6 61. Bxg2 a5 
62. Kc2 Bg5 63. bxa5+ Kxa5 64. Kb3 Be7 65. Be4 Bg5 66. Ba8 Be7 67. Bh1 Bf6 
68. Bd5 Bg5 69. Kc2 Be7 70. Kb3 Bg5 71. Bf7 Bf4 72. Kc2 Ka4 73. Kb2 Be5+ 
74. Ka2 Bf6 75. Bg6 Be5 76. Be8 Ka5 77. Bc6 Kb6 78. Bf3 Bg7 79. Kb3 Bf6 
80. Be2 Kc5 81. a4 bxa4+ 82. Kxa4 Kd4 83. Kb3 Ke3 84. Bc4 Kf4 85. Be6 Be7 
86. Kc2 Kg5 87. Kc3 Kf4 88. Kd3 Bd6 89. Kd4 Be5+ 90. Kd3 Bg7 91. Bd7 Bf6 
92. Be6 Be5 93. Bd7 Bf6 94. Bc8 Bg7 95. Be6 Be5 96. Bf5 Bd6 97. Kc3 Kg5 
98. Kc4 Bf8 99. Kd5 Be7 100. Ke5 Ba3 101. Bd7 Be7 102. Bf5 Ba3 103. Ke4 Kf6 
104. Bc8 Kg5 1/2-1/2

[Event "Tuesday 23 January Rapid Engine Tour 12+1 Rounds 9 Starts 1600 ST"]
[Site "Infinity Chess"]
[Date "2018.1.23"]
[Round "1"]
[White "Ninja_Bp"]
[Black "MarioDeMonti"]
[Result "1/2-1/2"]
[ECO "D11"]
[WhiteElo "2431"]
[BlackElo "2479"]
[WhiteEngine "Houdini 6"]
[BlackEngine "stockfish_x64_bmi2_2018_01_13_CTG"]
[EventType "Swiss"]
[WhiteTeam ""]
[BlackTeam ""]
[PlyCount "104"]
[TimeControl "720+1"]

1. d4 d5 2. c4 c6 3. Nf3 Nf6 4. e3 e6 5. b3 c5 6. Nbd2 cxd4 7. exd4 Nc6 
8. Bb2 Bd6 9. a3 b6 10. Bd3 Bb7 11. Qc2 O-O 12. O-O a5 13. cxd5 exd5 
14. Rfe1 Ne7 15. Ne5 Ng6 16. g3 Re8 17. f4 Ne7 18. Bb5 Rf8 19. Qd3 Bc8 
20. Qe2 Bf5 21. Nf1 h5 22. Ne3 Be4 23. Bd3 Bxd3 24. Qxd3 b5 25. Re2 Qb6 
26. Rf1 b4 27. a4 Bc7 28. Kh1 Qa6 29. Qd1 Ne4 30. Ree1 Bxe5 31. dxe5 Nc3 
32. Qxh5 d4 33. Nc4 d3 34. f5 Qc6+ 35. Qf3 Rad8 36. f6 Qxf3+ 37. Rxf3 Nc6 
38. fxg7 Rfe8 39. Bc1 Kxg7 40. Bg5 Rd7 41. Kg2 Kg8 42. Bd2 Rd4 43. h4 Nxa4 
44. Rf5 Nc5 45. Nd6 Re6 46. Nxf7 Nxb3 47. Nh6+ Kg7 48. Rf7+ Kh8 49. Rf8+ Kh7 
50. Rf7+ Kh8 51. Rf8+ Kg7 52. Rf7+ Kh8 1/2-1/2

[Event "Tuesday 23 January Rapid Engine Tour 12+1 Rounds 9 Starts 1600 ST"]
[Site "Infinity Chess"]
[Date "2018.1.23"]
[Round "1"]
[White "Marsell"]
[Black "star99"]
[Result "1/2-1/2"]
[ECO "B90"]
[WhiteElo "2502"]
[BlackElo "2431"]
[WhiteEngine "asmFishW_2018-01-11_popcnt"]
[BlackEngine "Cryptic AIL V2"]
[EventType "Swiss"]
[WhiteTeam ""]
[BlackTeam ""]
[PlyCount "103"]
[TimeControl "720+1"]

1. e4 c5 2. Nf3 d6 3. d4 cxd4 4. Nxd4 Nf6 5. Nc3 a6 6. Be3 e5 7. Nb3 Be7 
8. Be2 Be6 9. Qd3 Nc6 10. a3 O-O 11. O-O Rc8 12. Nd5 Nd7 13. Qd2 h6 14. h3 Bg5 
15. Bxg5 Qxg5 16. Qxg5 hxg5 17. Rad1 Rfd8 18. Bg4 Rb8 19. Bxe6 fxe6 20. Nb4 Nf6 
21. f3 Rbc8 22. Rd2 Nd4 23. Nxd4 exd4 24. Rxd4 a5 25. Na2 Rxc2 26. Rf2 Rxf2 
27. Kxf2 Rc8 28. Ke3 Rc2 29. Rd2 Rc6 30. b4 d5 31. bxa5 dxe4 32. fxe4 Rc4 
33. Rd4 Rc2 34. Nb4 Rxg2 35. Kf3 Rh2 36. e5 Rxh3+ 37. Kg2 Rxa3 38. exf6 gxf6 
39. Rd8+ Kg7 40. Rb8 Rxa5 41. Rxb7+ Kg6 42. Rb6 Kf5 43. Nc6 Ra2+ 44. Kg1 Kg4 
45. Kf1 Kh3 46. Nd8 g4 47. Nxe6 g3 48. Nf4+ Kh2 49. Rxf6 Ra1+ 50. Ke2 g2 
51. Rh6+ Kg3 52. Nxg2 1/2-1/2

[Event "Tuesday 23 January Rapid Engine Tour 12+1 Rounds 9 Starts 1600 ST"]
[Site "Infinity Chess"]
[Date "2018.1.23"]
[Round "1"]
[White "Prometheus"]
[Black "Wolle"]
[Result "1-0"]
[ECO "A20"]
[WhiteElo "2432"]
[BlackElo "2506"]
[WhiteEngine "Eman 1.58-64bit-IDeA"]
[BlackEngine "Raubfisch X37a2_CTG"]
[EventType "Swiss"]
[WhiteTeam ""]
[BlackTeam ""]
[PlyCount "191"]
[TimeControl "720+1"]

1. c4 e5 2. g3 Nf6 3. Bg2 d5 4. cxd5 Nxd5 5. Nf3 Nc6 6. Nc3 Nb6 7. b3 Bg4 
8. Bb2 Be7 9. O-O Qd7 10. Rc1 Rd8 11. Ne4 f6 12. a3 O-O 13. b4 Rfe8 14. Qc2 Bf8 
15. d3 Be6 16. Ba1 h6 17. Rb1 Nd5 18. Rfd1 Qc8 19. b5 Nce7 20. d4 f5 21. Nc5 e4 
22. Ne5 Kh7 23. Rf1 g6 24. Bh3 Ng8 25. Rb3 Ngf6 26. f3 Bxc5 27. dxc5 f4 
28. Bg2 Ne3 29. Rxe3 fxe3 30. fxe4 Rf8 31. c6 bxc6 32. Qc5 Nh5 33. Rxf8 Rxf8 
34. Nxc6 Qe8 35. Bc3 Bc8 36. Qxe3 a6 37. e5 axb5 38. Bd2 g5 39. Bb4 Rf7 
40. Bd5 Bh3 41. Bxf7 Qxf7 42. Qf3 Qg6 43. Kf2 Ng7 44. Ba5 Bg4 45. Qxg4 Qxc6 
46. Qf3 Qc5+ 47. Qe3 Qf8+ 48. Ke1 Qe7 49. Qd3+ Kh8 50. Kd2 c6 51. Qd6 Qe6 
52. Bd8 Kg8 53. Bf6 Qa2+ 54. Ke1 Qa1+ 55. Kf2 Qh1 56. Qd8+ Kh7 57. Qd3+ Kg8 
58. Qd8+ Kh7 59. Qd3+ Kg8 60. Ke3 Qc1+ 61. Kf3 g4+ 62. Kxg4 h5+ 63. Kf3 Qf1+ 
64. Ke3 Qg1+ 65. Kd2 Qa1 66. Qd8+ Kh7 67. Qd7 Qa2+ 68. Ke3 Qxa3+ 69. Kf2 Qf8 
70. Kg2 Kh6 71. Bxg7+ Qxg7 72. Qxc6+ Kh7 73. Qxb5 Qg4 74. Qd3+ Kg8 75. e4 Kg7 
76. Qf3 Qc8 77. Qf6+ Kg8 78. e6 Qc2+ 79. Kh3 Qxe4 80. Qg5+ Kf8 81. Qf4+ Qxf4 
82. gxf4 Ke8 83. f5 Kd8 84. f6 Ke8 85. Kh4 Kf8 86. Kxh5 Kg8 87. Kg6 Kf8 
88. h4 Ke8 89. Kg7 Kd8 90. f7 Kc7 91. e7 Kb6 92. f8=Q Kc6 93. Qb8 Kc5 
94. e8=Q Kd5 95. Qbe5+ Kc4 96. Q8b5# 1-0

[Event "Tuesday 23 January Rapid Engine Tour 12+1 Rounds 9 Starts 1600 ST"]
[Site "Infinity Chess"]
[Date "2018.1.23"]
[Round "1"]
[White "RonWeasley"]
[Black "angriff"]
[Result "1-0"]
[ECO "B00"]
[WhiteElo "2507"]
[BlackElo "2447"]
[WhiteEngine "BrainFish 130117_CTG"]
[BlackEngine "Raubfisch ME262_GTZ16b2_CTG"]
[EventType "Swiss"]
[WhiteTeam ""]
[BlackTeam ""]
[PlyCount "179"]
[TimeControl "720+1"]

1. e4 Nc6 2. Nc3 e5 3. g3 Nf6 4. Bg2 Bc5 5. d3 a5 6. Nge2 O-O 7. O-O d6 
8. h3 Bd7 9. Kh2 a4 10. a3 Qe7 11. f4 h6 12. f5 Nd4 13. Bd2 c6 14. Nxd4 exd4 
15. Na2 b5 16. Qf3 Bc8 17. Qf2 Bb7 18. Rae1 Rfe8 19. g4 Bb6 20. Nc1 c5 
21. Qg3 Ba5 22. Bxa5 Rxa5 23. Ne2 b4 24. Nf4 Rb5 25. h4 Nh7 26. Bf3 bxa3 
27. bxa3 Rb2 28. Rf2 f6 29. Ng6 Qc7 30. Rg2 c4 31. Nf4 Rc8 32. dxc4 Qxc4 
33. Be2 Qc6 34. Bd3 Qe8 35. Ne6 Qe7 36. Qf2 Rb6 37. Qxd4 Rbc6 38. Rb1 Nf8 
39. g5 fxg5 40. Nxg7 Qxg7 41. Qxg7+ Kxg7 42. Rxb7+ R8c7 43. Rb4 Kf6 44. Rxa4 Ke5 
45. hxg5 hxg5 46. Rxg5 Kf4 47. Rg1 Nd7 48. Rf1+ Ke5 49. Kg3 Rc3 50. Ra5+ Nc5 
51. Rf3 Rf7 52. a4 Rf8 53. Rb5 Ra3 54. a5 Ra4 55. a6 Ra1 56. Kf2 Rf6 57. Ke3 Rh6 
58. Rb8 Rh2 59. Re8+ Kf6 60. Rg3 Nxd3 61. cxd3 Kf7 62. Ra8 Rh6 63. a7 Rh2 
64. Rgg8 Rh3+ 65. Kd4 Ra4+ 66. Kd5 Rxd3+ 67. Kc6 Ra6+ 68. Kb7 Raa3 69. Raf8+ Ke7 
70. f6+ Ke6 71. Rg7 Rdb3+ 72. Ka8 d5 73. f7 Rf3 74. Re8+ Kd6 75. f8=B+ Rxf8 
76. e5+ Kc5 77. Rxf8 Rb3 78. e6 Kb4 79. Rb8+ Ka3 80. Rg3 Rxg3 81. e7 Re3 
82. e8=Q Rxe8 83. Rxe8 d4 84. Kb7 d3 85. a8=Q+ Kb2 86. Qa5 Kc2 87. Qa3 d2 
88. Rc8+ Kb1 89. Qb3+ Ka1 90. Ra8# 1-0

[Event "Tuesday 30 January Rapid Engine Tour 12+1 Rounds 9 Starts 1600 ST"]
[Site "Infinity Chess"]
[Date "2018.1.30"]
[Round "9"]
[White "aficionado"]
[Black "Satria_Ungu"]
[Result "1/2-1/2"]
[ECO "A40"]
[WhiteElo "2202"]
[BlackElo "2378"]
[WhiteEngine "asmFishW_2017-12-20_base_CTG"]
[BlackEngine "Houdini 6_CTG"]
[EventType "Swiss"]
[WhiteTeam ""]
[BlackTeam ""]
[PlyCount "93"]
[TimeControl "720+1"]

1. d4 c6 2. e4 d5 3. e5 c5 4. dxc5 e6 5. a3 Bxc5 6. Nf3 Ne7 7. b4 Bb6 8. Bb2 O-O 
9. Bd3 Ng6 10. h4 Nc6 11. h5 Nf4 12. Bb5 d4 13. g3 Nd5 14. h6 g6 15. O-O Bd7 
16. Qd3 f6 17. Bxc6 Bxc6 18. b5 Be8 19. Bxd4 fxe5 20. Bxb6 Nxb6 21. Nbd2 Qxd3 
22. cxd3 Bxb5 23. Nxe5 Rf5 24. f4 Nd7 25. Ndf3 Nxe5 26. Nxe5 g5 27. Rac1 gxf4 
28. gxf4 Raf8 29. Rc7 Bc6 30. Nxc6 bxc6 31. Rg7+ Kh8 32. Rxa7 e5 33. Re7 exf4 
34. Kf2 f3 35. Re3 Rh5 36. Rxf3 Rxf3+ 37. Kxf3 Rxh6 38. a4 Rh5 39. Ke4 Ra5 
40. Ra1 h5 41. Ra3 Kg8 42. d4 Kf7 43. Rh3 Rxa4 44. Rxh5 Ke6 45. Rf5 Ra8 
46. Re5+ Kd6 47. Rf5 1/2-1/2

[Event "Tuesday 30 January Rapid Engine Tour 12+1 Rounds 9 Starts 1600 ST"]
[Site "Infinity Chess"]
[Date "2018.1.30"]
[Round "9"]
[White "Dinkelberger"]
[Black "ludimilojko"]
[Result "1/2-1/2"]
[ECO "C77"]
[WhiteElo "2380"]
[BlackElo "2253"]
[WhiteEngine "stockfish_18012814_x64_modern_CTG"]
[BlackEngine "corchess_x64_CTG"]
[EventType "Swiss"]
[WhiteTeam ""]
[BlackTeam ""]
[PlyCount "80"]
[TimeControl "720+1"]

1. e4 e5 2. Nf3 Nc6 3. Bb5 a6 4. Ba4 Nf6 5. O-O Be7 6. Re1 b5 7. Bb3 O-O 
8. c3 d5 9. exd5 Nxd5 10. Nxe5 Nxe5 11. Rxe5 c6 12. d4 Bd6 13. Re1 Qh4 
14. g3 Qh3 15. Qe2 Bg4 16. Qf1 Qh5 17. Nd2 Rae8 18. f3 Rxe1 19. Qxe1 Bxf3 
20. Nxf3 Qxf3 21. a4 b4 22. Bd2 Rb8 23. Bd1 Qf5 24. Qf1 Qe4 25. Qe1 Qxe1+ 
26. Bxe1 bxc3 27. bxc3 Rb2 28. Bf3 Be7 29. c4 Nb4 30. Rd1 g6 31. c5 Nd5 
32. Bxd5 cxd5 33. Rc1 Bg5 34. Rc3 Rb1 35. Kf2 Bf6 36. c6 Bxd4+ 37. Kf3 Be5 
38. Bd2 Rb8 39. Rc2 f6 40. c7 Rc8 1/2-1/2

[Event "Tuesday 30 January Rapid Engine Tour 12+1 Rounds 9 Starts 1600 ST"]
[Site "Infinity Chess"]
[Date "2018.1.30"]
[Round "9"]
[White "Ryzen"]
[Black "Wolle"]
[Result "1/2-1/2"]
[ECO "C26"]
[WhiteElo "2395"]
[BlackElo "2452"]
[WhiteEngine "Houdini 6"]
[BlackEngine "Raubfisch X37a2_CTG"]
[EventType "Swiss"]
[WhiteTeam ""]
[BlackTeam ""]
[PlyCount "225"]
[TimeControl "720+1"]

1. e4 e5 2. Nc3 Nf6 3. g3 Bc5 4. Bg2 Nc6 5. d3 a5 6. Nge2 O-O 7. O-O d6 8. h3 h6 
9. Kh2 Re8 10. f4 Bd7 11. a4 Nb4 12. Nb1 Bb6 13. Nd2 c6 14. Nc4 Bc7 15. Ne3 Bb6 
16. Bd2 Qe7 17. fxe5 dxe5 18. Ng1 Be6 19. Nf3 Rad8 20. Nh4 Rd7 21. Nhf5 Qd8 
22. Qc1 Bc5 23. b3 Nh7 24. Qd1 Kh8 25. Nc4 Qc7 26. Be3 Bxe3 27. Ncxe3 Qb6 
28. Qe2 Qc5 29. Qf2 Na6 30. h4 Red8 31. Bh3 Rc7 32. Rae1 b6 33. Re2 f6 
34. Rd1 Rcd7 35. Bg4 Nc7 36. Rb1 Rb8 37. Rf1 Qf8 38. Nc4 Rdd8 39. Nfe3 Bg8 
40. Qe1 Qe7 41. Rg2 Ne6 42. Bxe6 Bxe6 43. g4 Kg8 44. Nf5 Qc7 45. Qc3 Rd4 
46. Kh1 Rd7 47. Ra1 Ra8 48. Nce3 Rf7 49. Rh2 Rc8 50. Qd2 Qd8 51. Qf2 Qc7 
52. Qf3 Rcf8 53. Rg1 Qd8 54. Qf1 b5 55. axb5 cxb5 56. c4 bxc4 57. bxc4 Ra7 
58. Nd5 Rff7 59. Qd1 Kh8 60. Ra2 Rfb7 61. Qc2 Rb8 62. Qf2 Ra6 63. Qh2 a4 
64. Qc2 Qd7 65. Rga1 Rba8 66. Rb1 Qf7 67. Qf2 Nf8 68. Kg2 a3 69. Rb3 Ra5 
70. Kh2 Nd7 71. Qd2 Nc5 72. Rb1 Kh7 73. Qe3 Qf8 74. Qd2 Ra4 75. Qe3 R4a5 
76. Qd2 R8a7 77. h5 Ra4 78. Qc2 Qf7 79. Qe2 Qf8 80. Qd1 Rd7 81. Nh4 Rda7 
82. Nf5 Rd7 83. Nh4 Ra6 84. Rb5 Rd8 85. Qb1 Bf7 86. Nf5 Raa8 87. Nfe7 Ne6 
88. Rb7 Nd4 89. Qb4 Qe8 90. Kg3 Rdb8 91. Rxb8 Rxb8 92. Qd6 Rb1 93. Rxa3 Rg1+ 
94. Kf2 Rd1 95. Nxf6+ gxf6 96. Qxf6 Qf8 97. Ng6 Qg7 98. Qxe5 Bxg6 99. hxg6+ Kxg6 
100. Ra6+ Kh7 101. Qxg7+ Kxg7 102. Rd6 Rxd3 103. c5 Kf7 104. Rd5 Kf6 
105. c6 Rf3+ 106. Kg2 Rc3 107. Rxd4 Kg5 108. e5 Rxc6 109. Rd8 h5 110. gxh5 Re6 
111. Rd6 Rxe5 112. h6 Re4 113. Rc6 1/2-1/2

[Event "Tuesday 30 January Rapid Engine Tour 12+1 Rounds 9 Starts 1600 ST"]
[Site "Infinity Chess"]
[Date "2018.1.30"]
[Round "9"]
[White "BraveDevil"]
[Black "star99"]
[Result "1/2-1/2"]
[ECO "C58"]
[WhiteElo "2414"]
[BlackElo "2380"]
[WhiteEngine "Cryptic AIL V2"]
[BlackEngine "Cryptic AIL V2"]
[EventType "Swiss"]
[WhiteTeam ""]
[BlackTeam ""]
[PlyCount "129"]
[TimeControl "720+1"]

1. e4 e5 2. Nf3 Nc6 3. Bc4 Nf6 4. Ng5 d5 5. exd5 Na5 6. Bb5+ c6 7. dxc6 bxc6 
8. Bd3 Nd5 9. h4 g6 10. Nc3 h6 11. Nxd5 cxd5 12. Bb5+ Bd7 13. Bxd7+ Qxd7 
14. Nf3 Nc6 15. d4 e4 16. Ne5 Nxe5 17. dxe5 Bg7 18. Bf4 O-O 19. Qd2 h5 
20. O-O-O Qf5 21. Qe3 Rad8 22. Rhe1 Rfe8 23. g3 Rd7 24. Qd4 Bxe5 25. Bxe5 Rxe5 
26. Re3 Qxf2 27. Rxe4 Qxd4 28. Rexd4 Kg7 29. b4 Re3 30. R1d3 Rxd3 31. Rxd3 Kf6 
32. Kd2 d4 33. c4 dxc3+ 34. Kxc3 Rc7+ 35. Kd4 Rd7+ 36. Ke4 Re7+ 37. Kd5 Rd7+ 
38. Kc4 Rc7+ 39. Kd4 Rd7+ 40. Ke4 Re7+ 41. Kf4 Rc7 42. Rd6+ Ke7 43. Ra6 Rc4+ 
44. Ke5 Rxb4 45. Rxa7+ Kf8 46. a3 Rb5+ 47. Kf4 Kg7 48. Ke4 Kf6 49. Kf4 Rf5+ 
50. Ke3 Re5+ 51. Kf3 Rf5+ 52. Ke2 Kg7 53. a4 Rc5 54. Kd3 Rc1 55. a5 Rg1 
56. Kc4 Rxg3 57. a6 g5 58. hxg5 Rxg5 59. Kb4 Rg4+ 60. Kb5 Rg5+ 61. Kb6 Rg6+ 
62. Ka5 Rg5+ 63. Kb4 Rg4+ 64. Kc5 Rg5+ 65. Kb4 1/2-1/2

[Event "Tuesday 30 January Rapid Engine Tour 12+1 Rounds 9 Starts 1600 ST"]
[Site "Infinity Chess"]
[Date "2018.1.30"]
[Round "9"]
[White "Thinker"]
[Black "Paul"]
[Result "1/2-1/2 "]
[ECO "B90"]
[WhiteElo "2403"]
[BlackElo "2418"]
[WhiteEngine "stockfish_18013009_x64_modern_CTG"]
[BlackEngine "Stockfish dev_CTG"]
[EventType "Swiss"]
[WhiteTeam ""]
[BlackTeam ""]
[PlyCount "122"]
[TimeControl "720+1"]

1. e4 c5 2. Nf3 d6 3. d4 cxd4 4. Nxd4 Nf6 5. Nc3 a6 6. Be3 e5 7. Nb3 Be7 
8. Be2 Be6 9. Qd3 Nc6 10. a3 O-O 11. O-O Rc8 12. Rac1 Nd7 13. Rfd1 Nc5 
14. Nxc5 dxc5 15. Qxd8 Rcxd8 16. Nd5 Bxd5 17. Rxd5 Nd4 18. Bd3 Rxd5 19. exd5 e4 
20. Bf1 Rd8 21. c4 f5 22. b4 b6 23. f3 Re8 24. Kf2 g6 25. Rd1 exf3 26. Bxd4 fxg2 
27. Kxg2 cxd4 28. Rxd4 Bd6 29. Rd2 Kg7 30. Rc2 Kf6 31. c5 bxc5 32. bxc5 Rc8 
33. c6 a5 34. Ba6 Rc7 35. Re2 Re7 36. Rc2 a4 37. h3 g5 38. Bc8 Bxa3 39. Bxf5 Bd6 
40. Bd7 a3 41. Kf2 h5 42. Ra2 Rf7 43. Kg2 h4 44. Rxa3 Bxa3 45. c7 Rf8 
46. c8=Q Rxc8 47. Bxc8 Ke5 48. Kf3 Kxd5 49. Kg4 Bc1 50. Kf5 Kc4 51. Ba6+ Kd4 
52. Bb7 Kc4 53. Kf6 Be3 54. Ke5 Kc3 55. Kf5 Kd4 56. Bh1 Kc4 57. Be4 Kb3 
58. Bf3 Kc4 59. Bh1 Kd3 60. Bg2 Kd4 61. Bf1 Kc3 1/2-1/2

[Event "Tuesday 30 January Rapid Engine Tour 12+1 Rounds 9 Starts 1600 ST"]
[Site "Infinity Chess"]
[Date "2018.1.30"]
[Round "9"]
[White "angriff"]
[Black "hafaba"]
[Result "1/2-1/2"]
[ECO "A40"]
[WhiteElo "2411"]
[BlackElo "2452"]
[WhiteEngine "Stockfish SL FA POPCNT_CTG"]
[BlackEngine "SF SL FA 26012018 POPCNT_CTG"]
[EventType "Swiss"]
[WhiteTeam ""]
[BlackTeam ""]
[PlyCount "107"]
[TimeControl "720+1"]

1. d4 c6 2. Nc3 d5 3. e4 dxe4 4. Nxe4 Bf5 5. Ng3 Bg6 6. Be3 Nd7 7. Bd3 Qa5+ 
8. c3 Bxd3 9. Qxd3 e6 10. a4 Ngf6 11. Nf3 Bd6 12. b4 Qc7 13. a5 O-O 14. O-O Rfe8 
15. Ne4 Nxe4 16. Qxe4 Nf6 17. Qd3 b6 18. Rfd1 h6 19. g3 Rac8 20. Kg2 Red8 
21. Qe2 Qe7 22. Bd2 Qe8 23. c4 b5 24. Rdc1 bxc4 25. Rxc4 Nd5 26. Rac1 Ne7 
27. Kg1 Qd7 28. Qe4 Rb8 29. Qg4 Kh8 30. Bc3 Nd5 31. Ne5 Bxe5 32. dxe5 Rb5 
33. Qe4 Qc7 34. h4 Kg8 35. Kh2 Ne7 36. Bd4 Rbd5 37. Re1 Nf5 38. Be3 R8d7 
39. Kh3 Qb8 40. Rxc6 Nxe3 41. Rxe3 Rd4 42. Qc2 Qxb4 43. Rc8+ Rd8 44. Qc7 Rxc8 
45. Qxc8+ Kh7 46. Qc2+ Kg8 47. Qc7 Qb1 48. Kh2 Qf1 49. Rf3 Rd1 50. Qc8+ Kh7 
51. Qc2+ Kg8 52. Qc8+ Kh7 53. Qc2+ Kg8 54. Qc8+ 1/2-1/2

[Event "Tuesday 30 January Rapid Engine Tour 12+1 Rounds 9 Starts 1600 ST"]
[Site "Infinity Chess"]
[Date "2018.1.30"]
[Round "9"]
[White "KULLANI"]
[Black "Katzenmaier"]
[Result "1/2-1/2"]
[ECO "C50"]
[WhiteElo "2426"]
[BlackElo "2471"]
[WhiteEngine "BrainFish_180124_x64_CTG"]
[BlackEngine "SugaR XPrO x64 POPCNT"]
[EventType "Swiss"]
[WhiteTeam ""]
[BlackTeam ""]
[PlyCount "88"]
[TimeControl "720+1"]

1. e4 e5 2. Nf3 Nc6 3. Bc4 Bc5 4. d3 Nf6 5. c3 O-O 6. O-O d6 7. Bg5 h6 8. Bh4 a6 
9. a4 g5 10. Bg3 Ba7 11. Nbd2 Nh7 12. h3 h5 13. Kh1 Kh8 14. b4 g4 15. Nh4 Qg5 
16. b5 Ne7 17. d4 exd4 18. cxd4 Qh6 19. e5 d5 20. Bd3 Bxd4 21. Rc1 c6 
22. Nb3 Ba7 23. bxa6 bxa6 24. Rg1 Rg8 25. e6 Bxe6 26. Be5+ f6 27. Bd4 gxh3 
28. g3 Bg4 29. Qc2 Bxd4 30. Nxd4 Nf8 31. Rce1 Nfg6 32. Nxg6+ Nxg6 33. Qxc6 Raf8 
34. f3 Qd2 35. Rd1 Qf2 36. fxg4 Ne5 37. Qxd5 Rd8 38. Qe4 Nxd3 39. Qxd3 Rxd4 
40. Qxd4 Qf3+ 41. Kh2 Qe2+ 42. Kh1 Qf3+ 43. Kh2 Qe2+ 44. Kh1 Qf3+ 1/2-1/2